AoeStats
← RedStallion1713

Arena

507422949Analyzed
2v2 RM · 13d ago on Sep 18, 2026· 37m 9s· 4 players
Game mode
Random Map
Map size
Medium (4 player)
Population
200
Speed
Normal
Resources
Standard
Victory
Conquest
Starting age
Dark Age
Ending age
Imperial Age
RankedLock teamsTeams togetherTeam positionsShared explorationLock speedFull tech treeHidden civsTurbo modeCheats
Victory
Defeat
🇺🇸 Goths · United States
787
+9
🇹🇼 Byzantines · Taiwan
775
+10
🇦🇷 Huns · Argentina
658
-10
🇪🇸 Mongols · Spain
604
-9
El_MarcianoARG
3:58 Loom
9:58 Feudal Age
11:10 Double-Bit Axe
11:32 Town Watch
16:24 Fletching
20:02 Castle Age
19:17 Scale Barding Armor
21:09 Forging
21:24 Town Patrol
25:06 Bodkin Arrow
26:18 Husbandry
27:32 Crossbowman
28:21 Thumb Ring
McVainas
0:28 Loom
10:32 Feudal Age
11:33 Double-Bit Axe
11:30 Horse Collar
21:11 Castle Age
22:56 Gold Mining
23:57 Bow Saw
24:33 Stone Mining
30:01 Gold Shaft Mining
31:26 Ballistics
32:59 Wheelbarrow
32:34 Heavy Plow
33:15 Stone Shaft Mining
37:26 Imperial Age
RedStallion1713
1:11 Loom
10:23 Feudal Age
14:41 Castle Age
13:00 Double-Bit Axe
13:05 Horse Collar
16:19 Heavy Plow
21:45 Wheelbarrow
22:44 Hand Cart
23:20 Bow Saw
25:39 Scale Mail Armor
25:50 Forging
32:17 Imperial Age
30:20 Chain Mail Armor
30:41 Iron Casting
29:56 Fletching
30:07 Padded Archer Armor
30:36 Anarchy
32:58 Squires
32:21 Elite Huskarl
34:27 Blast Furnace
33:48 Town Watch
princesskenny654
2:03 Loom
10:18 Feudal Age
10:54 Double-Bit Axe
19:22 Castle Age
17:38 Gold Mining
17:43 Stone Mining
18:03 Horse Collar
20:50 Bow Saw
21:23 Wheelbarrow
24:11 Forging
24:02 Scale Mail Armor
24:51 Hand Cart
25:40 Gold Shaft Mining
25:41 Stone Shaft Mining
25:40 Pikeman
28:34 Squires
28:20 Gambesons
32:45 Imperial Age
30:18 Arson
30:31 Treadmill Crane
30:47 Murder Holes
31:12 Ballistics
31:28 Fletching
31:56 Chain Mail Armor
32:16 Iron Casting
31:42 Padded Archer Armor
31:45 Elite Skirmisher
32:35 Thumb Ring
35:19 Chemistry
35:33 Two-Man Saw
34:36 Heavy Plow
36:22 Conscription
36:13 Bodkin Arrow
36:35 Leather Archer Armor
36:51 Plate Mail Armor
Connection lost

Rejoining the realm…

Still unreachable

The connection could not be restored.

Session expired

The server has moved on; the page needs a fresh start.